 Dungeon Crawl Stone Soup version 0.22-a0-398-g8bb545f (webtiles) character file.

8794 emperorscorpion the Carver (level 11, -10/95 HPs)
             Began as a Minotaur Fighter on May 4, 2018.
             Was a High Priest of Makhleb.
             Mangled by Rupert
             ... wielding a +0 great mace of protection
              (31 damage)
             ... on level 3 of the Lair of Beasts.
             The game lasted 00:26:32 (2743 turns).

emperorscorpion the Carver (Minotaur Fighter)       Turns: 2743, Time: 00:26:33

Health: -10/95     AC:  9    Str: 23 (24) XL:     11   Next: 14%
Magic:  11/11      EV: 13    Int:  7 (10) God:    Makhleb [*****.]
Gold:   394        SH: 12    Dex: 14 (16) Spells: 10/10 levels left

rFire    x . .     SeeInvis .   a - +7 falchion "Doteeky" {freeze, rElec}
rCold    + + .     Gourm    .   c - +0 shield
rNeg     . . .     Faith    +   D - +0 troll leather armour
rPois    .         Spirit   .   (helmet restricted)
rElec    +         Reflect  .   (no cloak)
rCorr    .         Harm     .   (no gloves)
MR       +....                  e - +2 pair of boots
Stlth    ++........             r - amulet of faith
HPRegen  0.65/turn              F - ring of Pride {Ice MR+ Dex+6}
MPRegen  0.12/turn              K - ring of protection from cold

@: brilliant, hasted, invisible, very quick
A: retaliatory headbutt, horns 2
a: Minor Destruction, Lesser Servant of Makhleb, Major Destruction, Greater
Servant of Makhleb, Renounce Religion


You were on level 3 of the Lair of Beasts.
You worshipped Makhleb.
Makhleb was extremely pleased with you.
You were very hungry.

You visited 2 branches of the dungeon, and saw 14 of its levels.
You also visited: Sewer.

You collected 394 gold pieces.

Inventory:

Hand Weapons
 a - the +7 falchion "Doteeky" (weapon) {freeze, rElec}
   (You found it on level 4 of the Dungeon)

   It has been specially enchanted to freeze those struck by it, causing extra
   injury to most foes and up to half again as much damage against particularly
   susceptible opponents.
   It can also slow down cold-blooded creatures.
   It insulates you from electricity.
 b - a +1 dagger of speed
 k - a +0 war axe
 o - a +2 falchion of holy wrath
 p - a +0 trident
 z - a +0 hand crossbow
Missiles
 y - 7 needles of paralysis
 B - 7 poisoned needles
 J - 2 tomahawks (quivered)
Armour
 c - a +0 shield (worn)
 e - a +2 pair of boots (worn)
 l - a +0 chain mail
 q - a +0 scale mail
 D - a +0 troll leather armour (worn)
Jewellery
 m - an uncursed amulet of magic regeneration
 r - an amulet of faith (around neck)
 F - the ring of Pride (left hand) {Ice MR+ Dex+6}
   (You acquired it on level 9 of the Dungeon)

   [ring of ice]

   It enhances your ice magic.
   It affects your dexterity (+6).
   It makes you vulnerable to fire.
   It protects you from cold.
   It affects your resistance to hostile enchantments.
 K - a ring of protection from cold (right hand)
Wands
 j - a wand of clouds (3)
 A - a wand of paralysis (13)
 C - a wand of acid (6)
Scrolls
 g - 3 scrolls of identify
 h - 2 scrolls of remove curse
 i - 3 scrolls of teleportation {unknown}
 n - a scroll of fear {unknown}
 t - a scroll of magic mapping {unknown}
 v - a scroll of immolation {unknown}
 x - a scroll of enchant weapon
 E - a scroll of blinking {unknown}
 I - a scroll of amnesia {unknown}
Potions
 d - a potion of brilliance
 w - a potion of might
Comestibles
 f - 12 rations


   Skills:
 + Level 8.6 Fighting
 + Level 10.6 Long Blades
 - Level 5.8 Axes
 + Level 10.2 Armour
 + Level 4.2 Dodging
 + Level 1.4 Stealth
 + Level 10.5 Shields
 + Level 1.9 Evocations


You had 10 spell levels left.
You didn't know any spells.

Dungeon Overview and Level Annotations

Branches:
Dungeon (11/15)              Lair (3/6) D:10         Shoals (0/4) Lair:2
 Temple: D:4-7        Snake: Lair:2-4    Spider: Lair:2-4       Orc: D:9-12

Altars:
Makhleb

Annotations:
D:5 Ijyb
D:10 exclusion: orange crystal statue
Lair:3 Rupert


Innate Abilities, Weirdness & Mutations

You reflexively headbutt those who attack you in melee.
You have a pair of horns on your head.


Message History

Rupert is lightly wounded.
You hit Rupert. You freeze Rupert. You headbutt Rupert!
Rupert is moderately wounded.
Rupert is engulfed in poison gas.
Rupert looks as sick as possible!
Rupert hits you with a great mace of protection!!
You are feeling very hungry.
You closely miss Rupert. Your headbutt misses Rupert.
Rupert is moderately wounded.
Rupert is engulfed in poison gas.
Rupert looks as sick as possible!
Rupert hits you with a great mace of protection!!!
* * * LOW HITPOINT WARNING * * *
Okay, then.
It was a potion of degeneration.
There was something very wrong with that liquid.
You feel weakened.
You feel dopey.
You feel clumsy.
It was a potion of invisibility.
You fade into invisibility!
Rupert is engulfed in poison gas.
Rupert looks as sick as possible!
Rupert hits you with a great mace of protection!!
You die...

##..#..#
#.#....##
#...P..#
##....##
#P..§§#
##.§§§#
#.#§§##
###@##
#@## ###


You could see Rupert (berserk).

Vanquished Creatures
  The ghost of Tungsten the Basher, a journeyman NaFi of Cheibriados (D:11)
  A manticore (D:11)
  2 black mambas
  A centaur zombie (D:9)
  Joseph (D:9)
  The ghost of Roran the Ruffian, a novice NaTm (D:4)
  6 spiny frogs
  Psyche (D:11)
  A troll (D:9)
  2 hippogriffs
  A wyvern (D:11)
  Edmund (D:5)
  2 porcupines (Lair:1)
  3 sky beasts
  3 ice beasts
  2 ogres
  A phantom (D:7)
  5 centaurs (D:11)
  A crocodile (Lair:1)
  4 bullfrogs
  4 scorpions
  A water moccasin skeleton (D:5)
  3 killer bees (D:11)
  2 howler monkeys
  3 crimson imps
  A bullfrog zombie (D:5)
  2 hounds
  A jelly (D:7)
  3 orc priests
  A centaur skeleton (D:5)
  2 orc wizards (D:5)
  9 worker ants
  A hound zombie (D:6)
  A hound skeleton (D:9)
  3 gnolls
  8 adders
  5 river rats
  A shadow imp (D:6)
  2 adder zombies
  2 adder skeletons
  A worm (D:4)
  A dart slug (D:5)
  A leopard gecko (D:4)
  21 orcs
  A ball python (Sewer)
  7 giant cockroaches
  4 goblins
  3 hobgoblins
  3 jackals
  4 quokkas
  4 bats (D:1)
  10 frilled lizards
  7 kobolds
  11 rats
173 creatures vanquished.

Notes
Turn   | Place    | Note
-------+----------+-------------------------------------------
     0 | D:1      | emperorscorpion the Minotaur Fighter began the quest for the Orb.
     0 | D:1      | Reached XP level 1. HP: 19/19 MP: 0/0
   181 | D:1      | Reached XP level 2. HP: 26/27 MP: 1/1
   342 | D:3      | Found a burning altar of Makhleb.
   380 | D:2      | Reached XP level 3. HP: 33/33 MP: 2/2
   390 | D:3      | Became a worshipper of Makhleb the Destroyer
   473 | D:4      | Noticed Roran's ghost (novice NaTm)
   482 | D:4      | Killed Roran's ghost
   482 | D:4      | Reached skill level 5 in Axes
   482 | D:4      | Reached skill level 5 in Shields
   482 | D:4      | Reached XP level 4. HP: 40/41 MP: 3/3
   482 | D:4      | Reached XP level 5. HP: 46/47 MP: 4/4
   482 | D:4      | Reached XP level 6. HP: 51/53 MP: 5/5
   495 | D:4      | Got a steaming falchion
   496 | D:4      | Identified the +7 falchion "Doteeky" {freeze, rElec} (You found it on level 4 of the Dungeon)
   506 | D:4      | Reached skill level 1 in Dodging
   508 | D:4      | Reached skill level 1 in Long Blades
   521 | D:5      | Entered Level 5 of the Dungeon
   541 | D:5      | Reached XP level 7. HP: 51/60 MP: 6/6
   556 | D:6      | Reached skill level 5 in Fighting
   556 | D:6      | Reached skill level 5 in Armour
   639 | D:5      | Reached * piety under Makhleb
   647 | D:5      | Noticed Ijyb
   712 | D:4      | Reached XP level 8. HP: 29/69 MP: 7/7
   767 | D:4      | You fall through a shaft!
   767 | D:5      | Found a glowing drain.
   780 | D:5      | Noticed Edmund
   875 | D:5      | Reached skill level 5 in Long Blades
   903 | Sewer    | Entered a sewer
   974 | Sewer    | Reached ** piety under Makhleb
  1199 | D:5      | Killed Edmund
  1350 | D:7      | Reached *** piety under Makhleb
  1437 | D:7      | Reached XP level 9. HP: 48/75 MP: 8/8
  1586 | D:9      | Noticed a troll
  1616 | D:9      | Killed a troll
  1712 | D:9      | Noticed Joseph
  1744 | D:9      | Killed Joseph
  1759 | D:9      | Reached **** piety under Makhleb
  1792 | D:9      | Identified a scroll of acquirement
  1793 | D:9      | Got a smoking tin ring
  1794 | D:9      | Identified the ring of Pride {Ice MR+ Dex+6} (You acquired it on level 9 of the Dungeon)
  1811 | D:10     | Entered Level 10 of the Dungeon
  1929 | D:10     | Found a staircase to the Lair.
  1937 | D:11     | Noticed a manticore
  1949 | D:11     | Killed a manticore
  1949 | D:11     | Reached skill level 1 in Evocations
  1962 | D:11     | Noticed Tungsten's ghost (journeyman NaFi)
  1966 | D:11     | Reached XP level 10. HP: 84/84 MP: 9/9
  1988 | D:11     | Killed Tungsten's ghost
  2023 | D:11     | Noticed Psyche
  2036 | D:11     | Killed Psyche
  2047 | D:11     | Reached skill level 10 in Long Blades
  2068 | D:11     | Noticed a two-headed ogre
  2113 | D:10     | Found the macabre finger necklace {rN+}
  2114 | D:10     | Noticed an orange crystal statue
  2117 | Lair:1   | Entered Level 1 of the Lair of Beasts
  2159 | Lair:1   | Noticed a black mamba
  2164 | Lair:1   | Killed a black mamba
  2212 | Lair:1   | Noticed a spiny frog
  2226 | Lair:1   | Killed a spiny frog
  2226 | Lair:1   | Reached skill level 10 in Shields
  2235 | Lair:2   | Noticed a seven-headed hydra
  2299 | Lair:1   | Noticed a spiny frog
  2306 | Lair:1   | Killed a spiny frog
  2450 | Lair:1   | Noticed a spiny frog
  2451 | Lair:1   | Noticed a spiny frog
  2466 | Lair:1   | Killed a spiny frog
  2466 | Lair:1   | Reached skill level 10 in Armour
  2470 | Lair:1   | Killed a spiny frog
  2477 | Lair:1   | Noticed a spiny frog
  2489 | Lair:1   | Killed a spiny frog
  2489 | Lair:1   | Reached XP level 11. HP: 62/95 MP: 11/11
  2565 | Lair:2   | Reached skill level 1 in Stealth
  2675 | Lair:2   | Found a staircase to the Shoals.
  2688 | Lair:3   | Reached ***** piety under Makhleb
  2723 | Lair:3   | Noticed Rupert
  2743 | Lair:3   | Mangled by Rupert

Vault maps used:
D:1:      evilmike_arrival_rings, solitary_fountain
D:3:      lemuel_crystal_altar, first_ration
D:4:      marbit_many_paths, serial_bayou_pond_b
D:5:      led_sif_book, portal_sewer_entry_a, uniq_ijyb, uniq_edmund
D:7:      lemuel_coloured_pillars_altar, temple_pool_b, uniq_menkaure
D:8:      overflow_temple_1_default, kennysheep_mini_moat,
          yredelemnul_forgotten_temple_becter, minitemple, the_bakery,
          nicolae_looking_at_the_future
D:9:      nicolae_gozag_zags_fifth_avenue, old_standard_altar,
          old_standard_altar, uniq_joseph
D:10:     lair_entry_dummy, david_orc_2, minmay_protected_statue
D:11:     jmf_multi_god_temple2, uniq_psyche, uniq_erica
Lair:1:   grunt_megastairs_4, lemuel_fruit_tree
Lair:2:   shoals_dummy_entry, uniq_fannar
Lair:3:   dummy_snake_entry, serial_bayou_shore_a, minmay_lair_oklob_chamber,
          infiniplex_staircase_pool, uniq_rupert
Sewer:    sewer_co_cracked_pipes

Skill      XL: |  1  2  3  4  5  6  7  8  9 10 11 |
---------------+----------------------------------+-----
Shields        | 4 5 6 7 9 10 | 10.5
Fighting       | 4 5 6 8 |  8.6
Armour         | 4 5 6 8 10 | 10.2
Axes           | 5 |  5.8
Dodging        | 1 2 3 4 |  4.2
Long Blades    | 2 4 7 9 10 | 10.6
Evocations     | 1 |  1.9
Stealth        | 1 |  1.4

Action                   |  1- 3 |  4- 6 |  7- 9 | 10-12 || total
-------------------------+-------+-------+-------+-------++-------
Melee: War axe           |    65 |       |       |       ||    65
       Headbutt          |     7 |     2 |    70 |    44 ||   123
       Falchion          |       |    13 |   253 |   104 ||   370
Evoke: Wand              |       |       |     2 |     4 ||     6
  Use: Potion            |     1 |       |     2 |     6 ||     9
       Scroll            |       |       |     4 |     1 ||     5
 Stab: Paralysed         |       |       |       |     4 ||     4
       Sleeping          |       |       |       |     1 ||     1
  Eat: Chunk             |       |       |     4 |     2 ||     6
Armor: Scale mail        |     4 |       |       |       ||     4
       Chain mail        |    28 |     4 |   192 |    23 ||   247
Dodge: Dodged            |    25 |     3 |   121 |    29 ||   178
Block: Shield            |    41 |     7 |   233 |    66 ||   347
       Rpst.: Falchion   |       |     1 |    33 |    11 ||    45

Table legend:
 A = Spawn XP
 B = Non-spawn XP
 C = Spawn XP percentage of total XP
 D = Spawn monster count
 E = Non-spawn monster count
 F = Spawn count percentage of total count
 G = Total turns spent on level
                    A         B        C        D         E        F      G
               +---------+---------+-------+---------+---------+-------+---------
         Total |       0 |   12564 |   0.0 |       0 |     173 |   0.0 |  2743
               +---------+---------+-------+---------+---------+-------+---------
           D:1 |       0 |      27 |   0.0 |       0 |      16 |   0.0 |   237
           D:2 |       0 |       7 |   0.0 |       0 |       4 |   0.0 |   116
           D:3 |       0 |      10 |   0.0 |       0 |       5 |   0.0 |    64
           D:4 |       0 |     732 |   0.0 |       0 |      13 |   0.0 |   276
           D:5 |       0 |    1050 |   0.0 |       0 |      34 |   0.0 |   261
           D:6 |       0 |     329 |   0.0 |       0 |      11 |   0.0 |   121
           D:7 |       0 |     867 |   0.0 |       0 |      22 |   0.0 |   233
           D:8 |       0 |     156 |   0.0 |       0 |       2 |   0.0 |    24
           D:9 |       0 |    1529 |   0.0 |       0 |      12 |   0.0 |   217
          D:10 |       0 |      78 |   0.0 |       0 |       3 |   0.0 |   144
          D:11 |       0 |    3129 |   0.0 |       0 |      13 |   0.0 |   162
        Lair:1 |       0 |    3257 |   0.0 |       0 |      10 |   0.0 |   431
        Lair:2 |       0 |     967 |   0.0 |       0 |       3 |   0.0 |   134
        Lair:3 |       0 |     340 |   0.0 |       0 |       2 |   0.0 |    61
         Sewer |       0 |      86 |   0.0 |       0 |      23 |   0.0 |   262
               +---------+---------+-------+---------+---------+-------+---------
